 Dungeon Crawl Stone Soup version 0.27.1-34-g3ba077fa99 (webtiles) character file.

Game seed: 5403278382604754744

44 Descartes the Grasshopper (level 3, 0/18 HPs)
             Began as a Spriggan Warper on Jan 9, 2022.
             Was a Follower of Kikubaaqudgha.
             Succumbed to an adder's poison
             ... on level 3 of the Dungeon.
             The game lasted 00:05:55 (2829 turns).

Descartes the Grasshopper (Spriggan Warper)         Turns: 2829, Time: 00:05:55

Health: 0/18       AC:  2    Str:  8    XL:     3   Next: 39%
Magic:  5/8        EV: 17    Int: 14    God:    Kikubaaqudgha [*.....]
Gold:   163        SH:  0    Dex: 14    Spells: 5/8 levels left

rFire    . . .     SeeInvis +   a - +0 short sword
rCold    . . .     Faith    .   (shield restricted)
rNeg     + . .     Spirit   .   b - +0 robe
rPois    .         Reflect  .   (helmet restricted)
rElec    .         Harm     .   (no cloak)
rCorr    .         Rampage  .   (gloves unavailable)
Will     .....                  (boots unavailable)
Stlth    ++........             (no amulet)
HPRegen  0.06/turn              g - ring of positive energy
MPRegen  0.11/turn              n - ring of flight

@: lethally poisoned (0 -> -7), flying, very quick
A: very small, no large weapons, unfitting armour, see invisible, speed 3
a: Renounce Religion, Receive Corpses


You were on level 3 of the Dungeon.
You worshipped Kikubaaqudgha.
Kikubaaqudgha was aware of your devotion.
You visited 1 branch of the dungeon, and saw 3 of its levels.

You collected 163 gold pieces.

Inventory:

Hand Weapons
 a - a +0 short sword (weapon)
Missiles
 d - 5 boomerangs of dispersal (quivered)
 h - 81 stones
 k - 28 arrows
 m - 31 bolts
Armour
 b - a +0 robe (worn)
Jewellery
 g - a ring of positive energy (left hand)
 n - a ring of flight (right hand)
Scrolls
 c - a scroll of blinking
 j - a scroll of vulnerability {unknown}
 o - a scroll of identify {unknown}
 p - a scroll of teleportation {unknown}
Potions
 e - 4 potions of curing {unknown}
 f - a potion of invisibility {unknown}
 i - a potion of heal wounds {unknown}
 l - a potion of degeneration {unknown}


   Skills:
 + Level 1.8 Fighting
 + Level 2.5 Short Blades
 + Level 1.5 Throwing
 + Level 3.5 Dodging
 + Level 1.6 Stealth
 + Level 3.0 Spellcasting
 + Level 0.3 Necromancy
 + Level 4.6 Translocations


You had 5 spell levels left.
You knew the following spells:

 Your Spells              Type           Power      Damage    Failure   Level
a - Pain                  Necr           12%        1d4       19%         1
b - Blink                 Tloc           N/A        N/A       4%          2

Your spell library contained the following spells:

 Spells                   Type           Power      Damage    Failure   Level
 Gell's Gravitas          Tloc           7%         N/A       10%         3
 Lesser Beckoning         Tloc           7%         N/A       10%         3
 Teleport Other           Tloc           15%        N/A       10%         3
 Animate Skeleton         Necr           6%         N/A       19%         1
 Freeze                   Ice            8%         1d3       22%         1
 Sublimation of Blood     Necr           1%         N/A       28%         2
 Vampiric Draining        Necr           1%         2d6       50%         3
 Frozen Ramparts          Ice            4%         1d2       54%         3
 Manifold Assault         Tloc           15%        N/A       65%         5
 Cause Fear               Hex            1%         N/A       91%         4
 Hailstorm                Conj/Ice       2%         3d3       91%         4
 Dragon Form              Tmut           1%         N/A       100%        7
 Dragon's Call            Summ           1%         N/A       100%        9


Dungeon Overview and Level Annotations

Branches:
Dungeon (2/15)

Altars:
Kikubaaqudgha
Qazlal


Innate Abilities, Weirdness & Mutations

You are very small and have problems with some larger weapons.
You are too small for most types of armour.
You have supernaturally acute eyesight. (SInv)
You cover ground extremely quickly. (Speed+++)


Message History

You reach down and close the door.
A gnoll opens the door.
The gnoll shouts!
You reach down and open the door.
There is an open door here.
You reach down and close the door.
Something unseen opens the door.
An adder comes into view.
An adder is nearby!
Casting: Pain (safe; 19% risk of failure)
Confirm with . or Enter, or press ? or * to list all spells.
Aiming: Pain (safe; 19% risk of failure)
Press: ? - help, Shift-Dir - straight line, f - adder
Aim: an adder (chance to affect: 50%)
The adder writhes in agony.
Casting: Pain (safe; 19% risk of failure)
Confirm with . or Enter, or press ? or * to list all spells.
Aiming: Pain (safe; 19% risk of failure)
Press: ? - help, Shift-Dir - straight line, f/p - adder
Aim: an adder (lightly wounded, chance to affect: 50%)
The adder resists with some effort.
Casting: Pain (safe; 19% risk of failure)
Confirm with . or Enter, or press ? or * to list all spells.
Aiming: Pain (safe; 19% risk of failure)
Press: ? - help, Shift-Dir - straight line, f/p - adder
Aim: an adder (lightly wounded, chance to affect: 50%)
The adder writhes in agony.
You hit the adder.
The adder is severely wounded.
The adder closely misses you.
You hit the adder.
The adder is almost dead.
The adder bites you but does no damage. The adder bites you.
* * * LOW HITPOINT WARNING * * *
You are lethally poisoned!
The adder poisons you!
You miss the adder.
The adder is almost dead.
You die...
Kikubaaqudgha rasps: "You have failed me!
Welcome... death!"

##.#.####(........#
#...# ###.......##
#.### #........##
#.# #.###...## #.#
#. ##'##### #.#
#.####...... #.#
............# #S#
....≈.....≈.# #@#
..≈≈≈...≈≈..# #.#
.≈≈≈#.+#≈≈..# #.#
.≈≈≈§≈≈≈≈≈..# #..
...#≈>⌠§#§≈≈# ###.
...#≈.§§#≈≈§.
.....≈≈§§≈#....
...≈#§§###§...
....§§≈......#
...≈≈........


You could see an adder.

Vanquished Creatures
  An adder (D:2)
  A dart slug (D:1)
  4 endoplasms
  5 goblins
  A hobgoblin (D:3)
  6 ball pythons
  4 bats
  3 frilled lizards
  5 kobolds
  3 rats
33 creatures vanquished.

Notes
Turn   | Place    | Note
-------+----------+-------------------------------------------
     0 | D:1      | Descartes the Spriggan Warper began the quest for the Orb.
     0 | D:1      | Reached XP level 1. HP: 10/10 MP: 5/5
   308 | D:1      | Reached XP level 2. HP: 9/15 MP: 6/6
   908 | D:1      | Reached skill level 1 in Stealth
  1851 | D:2      | Found a faded altar of an unknown god.
  2209 | D:2      | Became a worshipper of Kikubaaqudgha
  2209 | D:2      | Reached * piety under Kikubaaqudgha
  2209 | D:2      | Received a gift from Kikubaaqudgha
  2213 | D:2      | Learned a level 2 spell: Blink
  2225 | D:2      | Reached XP level 3. HP: 18/18 MP: 8/8
  2482 | D:2      | You are sucked into a shaft and drop 1 floor!
  2585 | D:3      | Learned a level 1 spell: Pain
  2760 | D:3      | Found a stormy altar of Qazlal.
  2829 | D:3      | Succumbed to an adder's poison

Illustrated notes

Levels and vault maps discovered:
D:1:      scummos_arrival_forest, layout_basic
D:2:      layout_basic, ebering_ecumenical_altar_sacrificial,
          grunt_ministairs_8, moated_statue
D:3:      layout_loops_corners, nicolae_qazlal_general_emergency,
          nzn_hepliaklqana_mist_gate, kennysheep_big_empty_room

Skill      XL: |  1  2 |
---------------+-------+-----
Stealth        | 1 |  1.6
Spellcasting   | 3 |  3.0
Fighting       | |  1.8
Short Blades   | |  2.5
Throwing       | |  1.5
Dodging        | |  3.5
Necromancy     | |  0.3
Translocations | |  4.6

Action                   || total
-------------------------++-------
Melee: Short sword       ||   134
 Cast: Pain              ||    10
       Blink             ||     1
Armor: Robe              ||    17
Dodge: Dodged            ||   109
